 Dungeon Crawl Stone Soup version 0.28-a0-1206-g193881aaa2 (webtiles) character file.

Game seed: 9271632385612749364

117 fragbeetle the Poker (level 5, -1/41 HPs)
             Began as a Merfolk Gladiator on Dec 20, 2021.
             Slain by Grinder (4 damage)
             ... on level 3 of the Dungeon.
             The game lasted 00:07:01 (1657 turns).

fragbeetle the Poker (Merfolk Gladiator)            Turns: 1657, Time: 00:07:01

Health: -1/41      AC:  6    Str: 16    XL:     5   Next: 1%
Magic:  5/5        EV: 12    Int:  7    God:
Gold:   105        SH:  0    Dex: 16    Spells: 4/4 levels left

rFire   . . .      SeeInvis .   a - +0 trident
rCold   . . .      Faith    .   (no shield)
rNeg    . . .      Spirit   .   e - +0 ring mail
rPois   .          Reflect  .   c - +0 helmet
rElec   .          Harm     .   (no cloak)
rCorr   .          Rampage  .   (no gloves)
Will    .....                   (no boots)
Stlth   +.........              (no amulet)
HPRegen 0.13/turn               (no ring)
MPRegen 0.09/turn               (no ring)

@: no status effects
A: (nimble swimmer 2), mertail
a: no special abilities


You were on level 3 of the Dungeon.
You visited 1 branch of the dungeon, and saw 3 of its levels.

You collected 105 gold pieces.

Inventory:

Hand Weapons
 a - a +0 trident (weapon)
Missiles
 d - 4 throwing nets (quivered)
 g - 77 stones
Armour
 c - a +0 helmet (worn)
 e - a +0 ring mail (worn)
Magical Staves
 k - a staff of death
Scrolls
 b - a scroll of identify {unknown}
 f - a scroll of enchant weapon {unknown}
 j - a scroll of teleportation {unknown}
 m - a scroll of amnesia {unknown}
 n - a scroll of fog {unknown}
 o - a scroll of torment {unknown}
Potions
 h - a potion of curing {unknown}
 i - 2 potions of invisibility {unknown}
 l - a potion of heal wounds {unknown}


   Skills:
 + Level 3.0 Fighting
 * Level 5.9 Polearms
 + Level 2.7 Throwing
 + Level 1.0 Armour
 + Level 4.7 Dodging


You had 4 spell levels left.
You didn't know any spells.
Your spell library was empty.

Dungeon Overview and Level Annotations

Branches:
Dungeon (3/15)

Altars:

Annotations:
D:3 Grinder


Innate Abilities, Weirdness & Mutations

((You are quick and stealthy near water. (Stealth+, EV+, Speed+++)))
Your lower body shifts to a powerful aquatic tail in water.


Message History

Aim: a bat (about 54% to evade your +0 trident)
You hit the bat.
You kill the bat!
You have reached level 5!
You feel agile.
You now have 105 gold pieces (gained 14).
Reach: a) +0 trident
Press: ? - help, Dir - move target, f - endoplasm
Aim: an endoplasm (about 14% to evade your +0 trident)
You hit the endoplasm.
You kill the endoplasm!
You hear the brisk rusting of a very distant drain.
You see here a +0 scale mail.
Grinder gestures at you. Pain shoots through your body!
Grinder blinks!
Grinder gestures at you.
You suddenly lose the ability to move!
You can move again.
Unknown command.
Reach: a) +0 trident
Press: ? - help, Dir - move target, f - Grinder
Aim: Grinder (about 42% to evade your +0 trident)
You puncture Grinder!
Grinder is lightly wounded.
Grinder hits you.
You writhe in agony.
* * * LOW HITPOINT WARNING * * *
You hit Grinder.
Grinder is moderately wounded.
Grinder says, "I used to sell toenails on the black market."
Grinder hits you.
* * * LOW HITPOINT WARNING * * *
You writhe in agony.
* * * LOW HITPOINT WARNING * * *
You barely miss Grinder.
Grinder is moderately wounded.
Grinder hits you!
* * * LOW HITPOINT WARNING * * *
You writhe in agony.
You die...

.........#..##.#..#.#..#.##
.........#..#$.#..#)#..#.$#
.........#..####..#.#..####
#........## ##..##.##..##..
##......#.#
.....#...#......
######...##....##...##....#
#....##..##.....##..##
#.....####5.#.#..####
#.....# #.@#####..# #######
#..#[#.#..# #..#.#.#..#
##...#...## ##.###.## ###
###


You could see Grinder.

Vanquished Creatures
  An orc wizard (D:3)
  2 adders (D:2)
  A worm (D:2)
  3 dart slugs
  3 orcs (D:3)
  9 endoplasms
  A giant cockroach (D:1)
  7 goblins
  4 hobgoblins
  4 jackals (D:1)
  4 kobolds
  3 quokkas
  2 ball pythons
  8 bats
  A frilled lizard (D:1)
  4 rats
57 creatures vanquished.

Notes
Turn   | Place    | Note
-------+----------+-------------------------------------------
     0 | D:1      | fragbeetle the Merfolk Gladiator began the quest for the
                  | Orb.
     0 | D:1      | Reached XP level 1. HP: 16/16 MP: 1/1
   381 | D:1      | Reached XP level 2. HP: 21/23 MP: 2/2
   674 | D:1      | Reached skill level 5 in Polearms
   674 | D:1      | Reached XP level 3. HP: 27/28 MP: 3/3
  1073 | D:2      | Reached XP level 4. HP: 31/34 MP: 4/4
  1358 | D:2      | You fall into a shaft and drop 1 floor!
  1405 | D:3      | Noticed an orc warrior
  1497 | D:3      | Noticed Grinder
  1614 | D:3      | Reached skill level 1 in Armour
  1627 | D:3      | Reached XP level 5. HP: 27/41 MP: 5/5
  1651 | D:3      | Paralysed by Grinder for 4 turns
  1657 | D:3      | Slain by Grinder

Illustrated notes

Levels and vault maps discovered:
D:1:      lemuel_arrival_funnel, layout_rooms
D:2:      layout_rooms, minmay_misc_feat_columns, kennysheep_generic_room_12
D:3:      layout_rooms, gup_sewer_entry_bubbles, st_stairs_12, minmay_puff,
          uniq_grinder

Skill      XL: |  1  2  3  4 |
---------------+-------------+-----
Polearms       | 5 |  5.9
Armour         | 1 |  1.0
Fighting       | 3 |  3.0
Throwing       | |  2.7
Dodging        | |  4.7

Action                   |  1- 3 |  4- 6 || total
-------------------------+-------+-------++-------
Melee: Trident           |   117 |    65 ||   182
Armor: Leather armour    |     8 |       ||     8
       Ring mail         |    24 |    20 ||    44
Dodge: Dodged            |    84 |    22 ||   106

Table legend: (Time is in decaauts)
 A = Elapsed time spent in this place.
 B = Non-inter-level travel time spent in this place.
 C = Inter-level travel time spent in this place.
 D = Time resting spent in this place.
 E = Time spent auto-exploring this place.
 F = Levels seen in this place.
 G = Mean time per level.
                   A        B        C        D        E       F      G
               +--------+--------+--------+--------+--------+-----+--------+
         Total |   1665 |   1653 |     12 |    414 |    321 |   3 |  555.0 |
       Dungeon |   1665 |   1653 |     12 |    414 |    321 |   3 |  555.0 |
               +--------+--------+--------+--------+--------+-----+--------+

Top non-repeatable levels by time:
     D:1: 936 daAuts
     D:2: 486 daAuts
     D:3: 243 daAuts
